 Dungeon Crawl Stone Soup version 0.27-a0-263-gc8dee61f84 (webtiles) character file.

Game seed: 8279474225080050175

81 siradein the Vexing (level 4, -3/30 HPs)
             Began as a Vampire Enchanter on Feb 4, 2021.
             Succumbed to Ijyb's poison
             ... on level 3 of the Dungeon.
             The game lasted 00:09:10 (2601 turns).

siradein the Vexing (Vampire Enchanter)             Turns: 2601, Time: 00:09:11

Health: -3/30      AC:  2    Str:  7    XL:     4   Next: 20%
Magic:  3/7        EV: 12    Int: 17    God:
Gold:   141        SH:  0    Dex: 15    Spells: 1/7 levels left

rFire    . . .     SeeInvis +   n - +0 rapier
rCold    . . .     Faith    .   (no shield)
rNeg     . . .     Spirit   .   b - +0 robe
rPois    .         Reflect  .   (no helmet)
rElec    .         Harm     .   (no cloak)
rCorr    +         Rampage  .   (no gloves)
Will     .....                  (no boots)
Stlth    +++.......             (no amulet)
HPRegen  0.30/turn              l - ring of resist corrosion
MPRegen  0.10/turn              (no ring)

@: lethally poisoned (-3 -> -45), regenerating quickly
A: fangs 3, see invisible, unbreathing
a: Exsanguinate


You were on level 3 of the Dungeon.
You visited 1 branch of the dungeon, and saw 3 of its levels.

You collected 141 gold pieces.

Inventory:

Hand Weapons
 n - a +0 rapier (weapon)
Armour
 b - a +0 robe (worn)
Jewellery
 l - a ring of resist corrosion (left hand)
Scrolls
 c - 3 scrolls of random uselessness {unknown}
 d - a scroll of immolation {unknown}
 f - 4 scrolls of identify {unknown}
 g - a scroll of enchant armour {unknown}
 i - a scroll of teleportation {unknown}
 j - 2 scrolls of remove curse {unknown}
Potions
 a - a potion of attraction {unknown}
 e - a potion of cancellation {unknown}
 h - 2 potions of curing {unknown}
 k - a potion of berserk rage {unknown}
 m - a potion of flight {unknown}
 o - 2 potions of haste {unknown}


   Skills:
 + Level 3.2 Short Blades
 - Level 2.1 Dodging
 - Level 4.4 Stealth
 - Level 2.0 Spellcasting
 + Level 6.1 Hexes


You had one spell level left.
You knew the following spells:

 Your Spells              Type           Power        Failure   Level
a - Corona                Hex            24%          1%          1
b - Ensorcelled Hibernat  Hex/Ice        24%          9%          2
c - Confusing Touch       Hex            22%          4%          3

Your spell library contained the following spells:

 Spells                   Type           Power        Failure   Level
 Tukima's Dance           Hex            22%          4%          3
 Dazzling Flash           Conj/Hex       24%          17%         3


Dungeon Overview and Level Annotations

Branches:
Dungeon (3/15)

Altars:
Dithmenos
Qazlal
Trog
Vehumet
The Shining One

Annotations:
D:3 Ijyb


Innate Abilities, Weirdness & Mutations

Your natural rate of healing is unusually fast.
You have razor-sharp teeth.
You have supernaturally acute eyesight. (SInv)
You can survive without breathing.


Message History

You feel very sick. Ijyb closely misses you.
You hit Ijyb but do no damage.
Ijyb is severely wounded.
You feel sick. Ijyb barely misses you.
You hit Ijyb but do no damage. You bite Ijyb, but do no damage.
Ijyb is severely wounded.
You feel sick.
Ijyb hits you with a +3 dagger of venom!
* * * LOW HITPOINT WARNING * * *
You are more poisoned.
You hit Ijyb.
Ijyb is severely wounded.
* * * LOW HITPOINT WARNING * * *
You feel very sick. Ijyb hits you but does no damage.
You are more poisoned.
You hit Ijyb.
Ijyb is almost dead.
You die...

########## ###
####........#
#g#######
.........>#.#
#@....!..
####....#.#.#
#.####.##
#....#.#.# #.#
##...#.#.####.#
#............#
#.#.#.#.######
#.#.#.#.#
#.#.#.#.#
#.#.#.#.###


You could see Ijyb.

Vanquished Creatures
  2 adders
  A worm (D:2)
  A dart slug (D:1)
  A leopard gecko (D:1)
  An orc (D:3)
  A ball python (D:3)
  12 bats
  5 giant cockroaches
  8 goblins
  7 hobgoblins
  2 jackals (D:1)
  7 kobolds
  3 frilled lizards
  2 rats (D:1)
53 creatures vanquished.

Notes
Turn   | Place    | Note
-------+----------+-------------------------------------------
     0 | D:1      | siradein the Vampire Enchanter began the quest for the Orb.
     0 | D:1      | Reached XP level 1. HP: 13/13 MP: 3/3
   196 | D:1      | Reached XP level 2. HP: 19/19 MP: 3/5
   204 | D:1      | Reached skill level 5 in Hexes
   246 | D:1      | Learned a level 2 spell: Ensorcelled Hibernation
   582 | D:1      | Reached XP level 3. HP: 24/24 MP: 6/6
  1422 | D:2      | Found a glowing golden altar of the Shining One.
  1559 | D:2      | Found a shadowy altar of Dithmenos.
  1892 | D:2      | Learned a level 3 spell: Confusing Touch
  1981 | D:3      | Found a stormy altar of Qazlal.
  2074 | D:3      | Reached XP level 4. HP: 30/30 MP: 7/7
  2188 | D:3      | Found a bloodstained altar of Trog.
  2374 | D:3      | Reached skill level 6 in Hexes
  2521 | D:3      | Found a radiant altar of Vehumet.
  2587 | D:3      | Noticed Ijyb
  2600 | D:3      | HP: 1/30 [poisoned by Ijyb]
  2601 | D:3      | Succumbed to Ijyb's poison

Illustrated notes

Levels and vault maps discovered:
D:1:      psy_arrival_spokes, layout_loops_ring, minmay_misc_feat_doors
D:2:      layout_basic, tso_oasis_becter, nicolae_dithmenos_shadow_blocks
D:3:      layout_basic, bloody_trog, general_overflow_altar,
          nicolae_qazlal_general_emergency, uniq_ijyb

Skill      XL: |  1  2  3  4 |
---------------+-------------+-----
Hexes          | 5 6 |  6.1
Short Blades   | 2 3 |  3.2
Dodging        | |  2.1
Stealth        | |  4.4
Spellcasting   | |  2.0

Action                   |  1- 3 |  4- 6 || total
-------------------------+-------+-------++-------
Melee: Dagger            |   162 |       ||   162
       Bite              |    11 |     2 ||    13
       Rapier            |     1 |    19 ||    20
 Cast: Corona            |     9 |     3 ||    12
       Ensorcelled Hiber |    10 |     1 ||    11
 Stab: Sleeping          |    16 |     4 ||    20
Armor: Robe              |    38 |     4 ||    42
Dodge: Dodged            |   119 |    10 ||   129

Table legend: (Time is in decaauts)
 A = Elapsed time spent in this place.
 B = Non-inter-level travel time spent in this place.
 C = Inter-level travel time spent in this place.
 D = Time resting spent in this place.
 E = Time spent auto-exploring this place.
 F = Levels seen in this place.
 G = Mean time per level.
                   A        B        C        D        E       F      G
               +--------+--------+--------+--------+--------+-----+--------+
         Total |   2580 |   2549 |     31 |      0 |   2062 |   3 |  860.0 |
       Dungeon |   2580 |   2549 |     31 |      0 |   2062 |   3 |  860.0 |
               +--------+--------+--------+--------+--------+-----+--------+

Top non-repeatable levels by time:
     D:1: 951 daAuts
     D:2: 930 daAuts
     D:3: 698 daAuts
